 Dungeon Crawl Stone Soup version 0.31-a0-180-g519b7de00c (webtiles) character file.

Game seed: 9726986540646739338

353 qw the Shooter (level 6, -1/60 HPs)
             Began as a Naga Hunter on June 19, 2023.
             Slain by a gnoll sergeant
             ... wielding a +0 spear
              (9 damage)
             ... on level 5 of the Dungeon.
             The game lasted 00:00:58 (2795 turns).

qw the Shooter (Naga Hunter)                        Turns: 2795, Time: 00:00:59

Health: -1/60      AC:  9    Str: 19    XL:     6   Next: 62%
Magic:  6/6        EV:  7    Int: 10    God:
Gold:   227        SH:  0    Dex: 16    Spells: 5/5 levels left

rFire   . . .        Y - +1 shortbow
rCold   . . .        (shield currently unavailable)
rNeg    . . .        c - +0 leather armour
rPois   +            g - +0 helmet
rElec   .            n - +0 cloak
rCorr   .            (no gloves)
SInv    +            e - +0 barding
Will    .....        (no amulet)
Stlth   ++           f - +6 ring of strength
HPRegen 0.30/turn    (no ring)
MPRegen 0.10/turn

%: no passive effects
@: short of breath, very slow
A: AC +2, large, see invisible, deformed body, poison resistance, slowness 2,
spit poison 1, naga tail 1
a: Spit Poison


You were on level 5 of the Dungeon.
You visited 1 branch of the dungeon, and saw 5 of its levels.

You collected 227 gold pieces.


Innate Abilities, Weirdness & Mutations

Your serpentine skin is tough. (AC +2)
You have supernaturally acute eyesight. (SInv)
Armour fits poorly on your strangely shaped body.
Your system is resistant to poisons. (rPois)
You cover ground very slowly.
You can spit poison.
You have a snake-like lower body.


   Skills:
 - Level 4.9 Fighting
 + Level 5.4 Ranged Weapons
 - Level 1.0 Armour
 - Level 1.5 Dodging
 - Level 1.5 Stealth


You had 5 spell levels left.
You didn't know any spells.
Your spell library was empty.

Inventory:

Hand Weapons
 Y - a +1 shortbow (weapon)
Armour
 c - a +0 leather armour (worn)
 e - a +0 barding (worn)
 g - a +0 helmet (worn)
 n - a +0 cloak (worn)
Jewellery
 f - a +6 ring of strength (left hand)
Scrolls
 a - a scroll of identify
Potions
 b - 3 potions of curing
 d - a potion of mutation {unknown}
 h - a potion of enlightenment
 j - a potion of magic {unknown}
 k - a potion of brilliance {unknown}

Dungeon Overview and Level Annotations

Branches:
Dungeon (5/15)
 Temple: D:4-7

Altars:


Message History

2787 ||| INVOKING Spit Poison.
Aiming: Spit Poison (1% risk of failure)
Press: ? - help, Shift-Dir - straight line, f/p - gnoll The splash of poison misses the gnoll.
The gnoll hits you with a +0 club.
The gnoll sergeant hits you from afar with a +0 spear.
You shoot an arrow.
The arrow hits the gnoll but does no damage.
The gnoll is severely wounded.
The gnoll barely misses you.
The gnoll sergeant completely misses you.
You shoot an arrow. The arrow hits the gnoll.
The gnoll is almost dead.
The gnoll hits you but does no damage.
The gnoll sergeant hits you from afar with a +0 spear.
You shoot an arrow. The arrow hits the gnoll!
You kill the gnoll!
The gnoll sergeant hits you from afar with a +0 spear.
2791 ||| Stepping ~*~*~tactically~*~*~ (outnumbered).
You have got your breath back.
The gnoll sergeant hits you from afar with a +0 spear!
2792 ||| INVOKING Spit Poison.
Aiming: Spit Poison (1% risk of failure)
Press: ? - help, Shift-Dir - straight line, f - gnoll sergeant The splash of poison hits the gnoll sergeant.
The gnoll sergeant is poisoned.
The gnoll sergeant is lightly wounded.
The gnoll sergeant closely misses you.
You shoot an arrow.
The arrow hits the gnoll sergeant but does no damage.
The gnoll sergeant is moderately wounded.
The gnoll sergeant hits you from afar with a +0 spear!
You shoot an arrow. The arrow hits the gnoll sergeant.
The gnoll sergeant is heavily wounded.
The gnoll sergeant hits you but does no damage.
You shoot an arrow.
The arrow closely misses the gnoll sergeant.
The gnoll sergeant looks more healthy.
The gnoll sergeant hits you from afar with a +0 spear!
You die...

#.# #.# #.# ### #.#
.... #.# .....
#.####......
#######
#.#)g'g.....
#.....#
#...##......
#.###.# ##.@# .....
#.#...# ###..# ....
#.#.### #....# ###
#.....# #.#..#
###.#.# #.##.#
###.#.# #.##..#
#...#.# #.###...
##.#.#[###.# ###..
#..(.#.%...#....~~~


You could see a gnoll sergeant.

Vanquished Creatures
  A hornet (D:4)
  A hound (D:4)
  2 gnolls (D:5)
  5 adders
  A worm (D:2)
  4 dart slugs
  An orc (D:3)
  6 ball pythons
  3 bats
  6 endoplasms
  4 giant cockroaches
  6 goblins
  7 hobgoblins
  3 jackals (D:3)
  6 kobolds
  A quokka (D:2)
  4 rats
61 creatures vanquished.

Vanquished Creatures (others)
  A bat (D:1)
1 creature vanquished.

Grand Total: 62 creatures vanquished

Notes
Turn   | Place    | Note
-------+----------+-------------------------------------------
     0 | D:1      | qw the Naga Hunter began the quest for the Orb.
     0 | D:1      | Reached XP level 1. HP: 19/19 MP: 1/1
     0 | D:1      | 0 ||| qw: Version: 0.3-a-7-ge0c9b40
     0 | D:1      | 0 ||| qw: Game counter: 934
     0 | D:1      | 0 ||| qw: Always use a shield: true
     0 | D:1      | 0 ||| qw: God list: Okawaru
     0 | D:1      | 0 ||| qw: Allow faded altars: false
     0 | D:1      | 0 ||| qw: Do Orc after D:15 true
     0 | D:1      | 0 ||| qw: Do second Lair branch before Depths: true
     0 | D:1      | 0 ||| qw: Lair rune preference: random
     0 | D:1      | 0 ||| qw: Plans: Normal
     0 | D:1      | 0 ||| PLANNING D:1-11
    21 | D:1      | 21 ||| INVOKING Spit Poison.
    27 | D:1      | 27 ||| INVOKING Spit Poison.
    45 | D:1      | 45 ||| INVOKING Spit Poison.
    95 | D:1      | 95 ||| INVOKING Spit Poison.
    96 | D:1      | Reached skill level 4 in Ranged Weapons
    96 | D:1      | Reached XP level 2. HP: 26/26 MP: 2/2
   201 | D:1      | 201 ||| INVOKING Spit Poison.
   204 | D:1      | 204 ||| INVOKING Spit Poison.
   262 | D:1      | 262 ||| INVOKING Spit Poison.
   322 | D:1      | 322 ||| INVOKING Spit Poison.
   325 | D:1      | 325 ||| INVOKING Spit Poison.
   489 | D:1      | Reached XP level 3. HP: 32/32 MP: 3/3
   577 | D:1      | 577 ||| INVOKING Spit Poison.
   639 | D:1      | 639 ||| INVOKING Spit Poison.
   800 | D:1      | 800 ||| INVOKING Spit Poison.
   843 | D:1      | 843 ||| UPGRADING to +0 helmet.
   848 | D:1      | 848 ||| READING 3 scrolls labelled DAZEULAMOMM.
   849 | D:1      | 849 ||| READING scroll labelled BIGOAKL IZEMP.
   850 | D:1      | 850 ||| READING scroll labelled TYXIYSSOB.
   851 | D:1      | 851 ||| DRINKING 2 glowing purple potions.
   875 | D:1      | 875 ||| READING 2 scrolls of identify.
   875 | D:1      | 875 ||| IDENTIFYING glowing red potion
   876 | D:1      | 876 ||| DROPPING scroll of butterflies.
   877 | D:1      | 877 ||| DROPPING potion of lignification.
   907 | D:2      | 907 ||| INVOKING Spit Poison.
   913 | D:2      | 913 ||| INVOKING Spit Poison.
   916 | D:2      | 916 ||| INVOKING Spit Poison.
   963 | D:2      | 963 ||| INVOKING Spit Poison.
   997 | D:2      | 997 ||| INVOKING Spit Poison.
  1011 | D:2      | 1011 ||| INVOKING Spit Poison.
  1088 | D:2      | 1088 ||| INVOKING Spit Poison.
  1099 | D:2      | 1099 ||| INVOKING Spit Poison.
  1269 | D:2      | 1269 ||| UPGRADING to +0 barding.
  1274 | D:2      | 1274 ||| UPGRADING to +6 ring of strength.
  1275 | D:2      | 1275 ||| READING scroll labelled NOORUV VETAYT.
  1276 | D:2      | 1276 ||| READING scroll labelled BORYRE EXKE.
  1277 | D:2      | 1277 ||| DRINKING 4 glowing emerald potions.
  1278 | D:2      | 1278 ||| READING 2 scrolls of identify.
  1278 | D:2      | 1278 ||| IDENTIFYING amethyst potion
  1312 | D:3      | 1312 ||| INVOKING Spit Poison.
  1318 | D:3      | 1318 ||| INVOKING Spit Poison.
  1319 | D:3      | Reached XP level 4. HP: 38/39 MP: 4/4
  1326 | D:3      | 1326 ||| INVOKING Spit Poison.
  1370 | D:3      | 1370 ||| INVOKING Spit Poison.
  1374 | D:3      | Reached skill level 1 in Armour
  1382 | D:3      | 1382 ||| INVOKING Spit Poison.
  1408 | D:3      | 1408 ||| INVOKING Spit Poison.
  1435 | D:3      | 1435 ||| INVOKING Spit Poison.
  1439 | D:3      | Reached skill level 5 in Ranged Weapons
  1442 | D:3      | 1442 ||| INVOKING Spit Poison.
  1493 | D:3      | 1493 ||| INVOKING Spit Poison.
  1499 | D:3      | 1499 ||| INVOKING Spit Poison.
  1581 | D:3      | Identified the +2 spear of Day {vamp, Dex+3}
  1674 | D:3      | 1674 ||| READING scroll labelled XEDWUJ GOIPPON.
  1847 | D:4      | 1847 ||| INVOKING Spit Poison.
  1853 | D:4      | 1853 ||| INVOKING Spit Poison.
  1860 | D:4      | 1860 ||| INVOKING Spit Poison.
  2019 | D:4      | 2019 ||| INVOKING Spit Poison.
  2043 | D:4      | Noticed a hornet
  2044 | D:4      | 2044 ||| INVOKING Spit Poison.
  2051 | D:4      | 2051 ||| INVOKING Spit Poison.
  2052 | D:4      | HP: 2/40 [hornet (11)]
  2053 | D:4      | 2053 ||| DRINKING potion of heal wounds.
  2056 | D:4      | 2056 ||| INVOKING Spit Poison.
  2057 | D:4      | 2057 ||| INVOKING Spit Poison.
  2058 | D:4      | Killed a hornet
  2059 | D:4      | Reached XP level 5. HP: 35/51 MP: 5/5
  2059 | D:4      | Reached XP level 6. HP: 41/60 MP: 6/6
  2165 | D:4      | 2165 ||| INVOKING Spit Poison.
  2219 | D:4      | 2219 ||| INVOKING Spit Poison.
  2223 | D:4      | 2223 ||| INVOKING Spit Poison.
  2228 | D:4      | 2228 ||| INVOKING Spit Poison.
  2256 | D:4      | 2256 ||| INVOKING Spit Poison.
  2673 | D:4      | 2673 ||| UPGRADING to +0 cloak.
  2678 | D:4      | 2678 ||| READING scroll labelled PYRESE NIMYPNE.
  2679 | D:4      | 2679 ||| READING scroll labelled AQUNUDA ZUVOOSS.
  2695 | D:5      | Entered Level 5 of the Dungeon
  2737 | D:5      | 2737 ||| INVOKING Spit Poison.
  2740 | D:5      | 2740 ||| INVOKING Spit Poison.
  2776 | D:5      | 2776 ||| INVOKING Spit Poison.
  2779 | D:5      | 2779 ||| Stepping ~*~*~tactically~*~*~ (outnumbered).
  2781 | D:5      | 2781 ||| INVOKING Spit Poison.
  2787 | D:5      | 2787 ||| INVOKING Spit Poison.
  2791 | D:5      | 2791 ||| Stepping ~*~*~tactically~*~*~ (outnumbered).
  2791 | D:5      | HP: 15/60 [gnoll sergeant/+0 spear (10)]
  2792 | D:5      | 2792 ||| INVOKING Spit Poison.
  2795 | D:5      | Slain by a gnoll sergeant

Levels and vault maps discovered:
D:1:      ebering_hopf_link, layout_loops_ring, lemuel_flame_loot_1
D:2:      layout_rooms
D:3:      layout_rooms
D:4:      layout_basic, grunt_decor_cap, hangedman_decor_points
D:5:      layout_basic, minmay_temple_entry_poolview, minmay_manual_mullet,
          uniq_grinder

Skill      XL: |  1  2  3  4 |
---------------+-------------+-----
Ranged Weapons | 4 5 |  5.4
Armour         | 1 |  1.0
Fighting       | 4 |  4.9
Dodging        | |  1.5
Stealth        | |  1.5

Action                     |  1- 3 |  4- 6 || total
---------------------------+-------+-------++-------
   Fire: Shortbow          |    66 |    83 ||   149
Ability: Spit Poison       |    22 |    26 ||    48
    Use: Scroll            |     7 |     3 ||    10
         Potion            |     2 |     1 ||     3
 Armour: Leather armour    |    10 |    35 ||    45
  Dodge: Dodged            |     9 |    23 ||    32

Table legend:
 A = Non-vault XP
 B = Vault XP
 C = Vault XP percentage of total XP
 D = Non-vault monster count
 E = Vault monster count
 F = Vault count percentage of total count
                 A         B        C        D         E       F
            +---------+---------+-------+---------+---------+-------
      Total |     505 |       0 |   0.0 |      61 |       0 |   0.0
            +---------+---------+-------+---------+---------+-------
        D:1 |      42 |       0 |   0.0 |      22 |       0 |   0.0
        D:2 |      25 |       0 |   0.0 |      12 |       0 |   0.0
        D:3 |      46 |       0 |   0.0 |      16 |       0 |   0.0
        D:4 |     349 |       0 |   0.0 |       8 |       0 |   0.0
        D:5 |      43 |       0 |   0.0 |       3 |       0 |   0.0
            +---------+---------+-------+---------+---------+-------
